Map: Blueshift LE

Players

Departure - Winner!

  • Race: Zerg Zerg
  • League: Gold
  • Spawn Location: 7:00

Dex

  • Race: Terran Terran
  • League: Gold
  • Spawn Location: 1:00

VOD

Have the link to the VOD?

Description

Time

  • Played on: Aug. 17, 2018, 1:19 p.m.
  • Length: 6:11
Show
View Real Time Build Order
Export as new Build Order

Departure Zerg - Winner!

Build Orders: Hatch First 

Get SALT Encoding   

  12  0:01  Drone  
  13  0:12  Overlord  
  13  0:17  Drone  
  14  0:32  Drone x2  
  16  0:35  Drone  
  17  0:54  Hatchery  
  16  0:57  Drone  
  16  1:01  Drone  
  18  1:13  Extractor  
  18  1:17  Spawning Pool  
  16  1:19  Drone  
  16  1:20  Drone  
  18  1:28  Drone  
  19  1:45  Overlord  
  19  2:06  Queen x2  
  23  2:09  Zergling x6  
  26  2:15  Metabolic Boost  
  26  2:25  Drone x2  
  26  2:26  Drone  
  26  2:29  Drone  
  30  2:33  Drone  
  30  2:36  Roach Warren  
  30  2:42  Drone  
  31  2:48  Drone  
  32  2:55  Drone  
  32  2:56  Drone  
  34  2:59  Overlord  
  34  3:04  Overlord  
  34  3:23  Roach x3  
  34  3:24  Roach x3  
  34  3:25  Roach  
  48  3:29  Overlord  
  48  3:32  Overlord  
  48  3:37  Overlord  
  48  3:51  Ravager  
  49  3:58  Zergling x14  
  56  4:15  Ravager  
  57  4:26  Roach  
  57  4:27  Zergling x14  
  57  4:28  Zergling x2  
  67  4:35  Hatchery  
  67  4:37  Roach  
  68  4:40  Roach  
  57  5:13  Roach x3  
  64  5:14  Zergling x10  
  57  5:37  Zergling x10  
  62  5:51  Zergling x2  
  62  5:52  Zergling x4  
Show
View Real Time Build Order
Export as new Build Order

Dex Terran 

Build Orders: Command Center First (CC) 

Get SALT Encoding   

  12  0:01  SCV  
  13  0:13  SCV  
  14  0:18  Supply Depot  
  14  0:25  SCV  
  15  0:40  SCV  
  16  0:52  SCV  
  17  1:02  Command Center  
  17  1:06  SCV  
  18  1:21  Barracks  
  18  1:22  SCV  
  19  1:28  Refinery  
  19  1:35  SCV  
  19  1:37  Refinery  
  20  1:48  SCV  
  21  2:01  SCV  
  22  2:09  Marine  
  22  2:13  Orbital Command  
  23  2:16  Factory  
  23  2:24  Orbital Command  
  23  2:29  Marine  
  24  2:39  SCV  
  25  2:46  Marine  
  25  2:48  Barracks  
  25  2:50  SCV  
  27  2:54  SCV  
  28  3:02  Hellion  
  28  3:04  Marine, SCV  
  32  3:08  SCV  
  33  3:20  SCV  
  33  3:21  SCV  
  33  3:23  Hellion  
  33  3:25  Marine  
  37  3:32  SCV  
  37  3:33  Starport  
  38  3:38  Supply Depot  
  38  3:40  Barracks Tech Lab  
  38  3:44  Factory Reactor  
  38  3:50  SCV x2, Marine  
  38  3:52  Supply Depot  
  41  3:58  Marine  
  41  4:01  Stimpack  
  43  4:02  SCV  
  43  4:05  Supply Depot  
  43  4:06  Supply Depot  
  43  4:10  Supply Depot  
  43  4:12  Marine, SCV  
  43  4:15  Medivac  
  47  4:20  SCV  
  47  4:22  Marine  
  49  4:27  Hellion  
  49  4:30  Marine  
  52  4:36  SCV  
  52  4:37  SCV  
  54  4:39  Refinery  
  54  4:43  Marine  
  55  4:47  Starport Reactor  
  55  4:48  SCV  
  55  4:49  SCV  
  38  5:15  Hellion  
  40  5:24  Marine x2  
  34  5:42  Marine  
  34  5:43  Marauder  
Tags
 
Add a new tag
Caveats
  • Supply blocks, unpowered buildings, or Contaminate may cause inaccurate times.
  • Supply counts are checked every 10 seconds.